AoeStats
← Dad²T1oad

Oasis

508304929Analyzed
4v4 RM · 9d ago on Sep 21, 2026· 31m 24s· 8 players
Game mode
Random Map
Map size
Large (8 player)
Population
200
Speed
Normal
Resources
Standard
Victory
Conquest
Starting age
Dark Age
Ending age
Imperial Age
RankedLock teamsTeams togetherTeam positionsShared explorationLock speedFull tech treeHidden civsTurbo modeCheats
Victory
Defeat
🇫🇷 Britons · France
1404
+6
🇫🇷 Vietnamese · France
1214
+12
🇫🇷 Franks · France
1053
+17
🇫🇷 Cumans · France
1051
+18
🇸🇰 Huns · Slovakia
1127
-14
🇬🇧 Magyars · United Kingdom
1125
-13
🇵🇱 Poles · Poland
1124
-13
🇬🇧 Khmer · United Kingdom
1102
-13
msmatossms
10:56 Feudal Age
11:15 Loom
15:44 Castle Age
15:43 Wheelbarrow
17:07 Forging
20:42 Town Watch
24:03 Fletching
28:06 Scale Barding Armor
29:44 Squires
30:45 Hand Cart
31:14 Bloodlines
matys95
11:19 Feudal Age
16:06 Castle Age
14:10 Double-Bit Axe
17:00 Loom
20:55 Wheelbarrow
22:36 Bow Saw
22:09 Horse Collar
24:27 Bloodlines
23:52 Elite Skirmisher
seaguloftime
7:50 Loom
12:00 Feudal Age
15:05 Wheelbarrow
14:27 Horse Collar
14:37 Double-Bit Axe
19:40 Castle Age
17:58 Bloodlines
18:07 Scale Barding Armor
20:44 Bow Saw
20:35 Heavy Plow
24:42 Husbandry
25:56 Town Watch
27:51 Chain Barding Armor
SGSCavalry80
6:26 Loom
8:38 Feudal Age
9:59 Horse Collar
10:07 Double-Bit Axe
22:26 Scale Barding Armor
22:18 Fletching
22:39 Forging
26:09 Castle Age
24:48 Bloodlines
Quetzalcoatl
9:22 Loom
11:09 Feudal Age
9:33 Loom
11:35 Feudal Age
16:19 Castle Age
14:28 Double-Bit Axe
17:15 Bow Saw
21:07 Wheelbarrow
21:15 Gold Mining
22:52 Husbandry
23:36 Scale Barding Armor
23:42 Forging
24:40 Chain Barding Armor
26:40 Iron Casting
27:05 Gold Shaft Mining
27:38 Hand Cart
Don Zapata
5:35 Loom
12:12 Feudal Age
13:05 Double-Bit Axe
13:30 Horse Collar
16:12 Gold Mining
20:29 Castle Age
19:51 Scale Barding Armor
19:57 Forging
20:29 Bloodlines
21:59 Bow Saw
23:39 Heavy Plow
26:58 Chain Barding Armor
28:28 Wheelbarrow
28:06 Town Watch
30:51 Hand Cart
30:40 Stone Mining
31:43 Iron Casting
Dad²T1oad
8:03 Loom
11:38 Feudal Age
16:08 Castle Age
14:39 Double-Bit Axe
14:45 Horse Collar
17:47 Bow Saw
21:18 Heavy Plow
21:36 Fletching
22:03 Crossbowman
23:59 Wheelbarrow
23:34 Gold Mining
24:02 Bodkin Arrow
25:01 Padded Archer Armor
25:38 Hand Cart
29:23 Ballistics
31:53 Padded Archer Armor
Glurb
2:09 Loom
9:48 Feudal Age
10:31 Double-Bit Axe
10:29 Horse Collar
13:36 Fletching
15:09 Padded Archer Armor
16:39 Wheelbarrow
23:15 Castle Age
23:21 Town Watch
23:23 Crossbowman
24:00 Bodkin Arrow
25:33 Hand Cart
26:52 Bow Saw
26:52 Heavy Plow
29:55 Leather Archer Armor
30:01 Ballistics
30:55 Thumb Ring
Connection lost

Rejoining the realm…

Still unreachable

The connection could not be restored.

Session expired

The server has moved on; the page needs a fresh start.